 Dungeon Crawl Stone Soup version 0.29.1-15-g9cfb28693d (webtiles) character file.

Game seed: 12755519840512916744

182 MacCMillion the Chopper (level 5, -6/47 HPs)
             Began as a Hill Orc Fighter on Feb 28, 2023.
             Splashed by a jelly's acid (9 damage)
             ... on level 3 of the Dungeon.
             The game lasted 00:03:18 (3193 turns).

MacCMillion the Chopper (Hill Orc Fighter)          Turns: 3193, Time: 00:03:19

Health: -6/47      AC:  0    Str: 21    XL:     5   Next: 62%
Magic:  5/5        EV:  9    Int:  8    God:
Gold:   116        SH:  4    Dex: 10    Spells: 4/4 levels left

rFire   . . .      SeeInvis .   a - +0 war axe
rCold   . . .      Faith    .   c - +0 buckler
rNeg    . . .      Spirit   .   b - +1 scale mail
rPois   .          Reflect  .   (no helmet)
rElec   .          Harm     .   x - +2 cloak
rCorr   .          Rampage  .   (no gloves)
Will    .....                   (no boots)
Stlth   ..........              (no amulet)
HPRegen 0.15/turn               (no ring)
MPRegen 0.09/turn               (no ring)

@: corroded
A: no striking features
a: no special abilities


You were on level 3 of the Dungeon.
You visited 1 branch of the dungeon, and saw 3 of its levels.

You collected 116 gold pieces.

Inventory:

Hand Weapons
 a - a +0 war axe (weapon)
Missiles
 q - 2 poisoned darts (quivered)
 r - 6 boomerangs
Armour
 b - a +1 scale mail (worn)
 c - a +0 buckler (worn)
 x - a +2 cloak (worn)
Jewellery
 e - an amulet of magic regeneration
 n - a ring of see invisible
 v - a +4 ring of slaying
Scrolls
 f - 2 scrolls of identify {unknown}
 h - a scroll of summoning {unknown}
 i - a scroll of enchant weapon {unknown}
 j - a scroll of amnesia
 k - a scroll of teleportation {unknown}
 l - a scroll of magic mapping {unknown}
 p - 2 scrolls of enchant armour
 s - a scroll of noise {unknown}
 t - a scroll of poison {unknown}
Potions
 d - a potion of might
 g - a potion of haste {unknown}
 m - a potion of heal wounds {unknown}
 o - a potion of curing {unknown}
 u - a potion of brilliance {unknown}
 w - a potion of cancellation {unknown}
 z - a potion of lignification {unknown}


   Skills:
 + Level 4.7 Fighting
 * Level 6.1 Axes
 - Level 3.2 Armour
 - Level 4.0 Shields


You had 4 spell levels left.
You didn't know any spells.
Your spell library contained the following spells:

 Spells                   Type           Power      Damage    Failure   Level
 Conjure Flame            Conj/Fire      0%         6-21      99%         3
 Ignite Poison            Fire/Tmut/Pois 0%         N/A       99%         3
 Sticky Flame             Conj/Fire      0%         2d3       100%        4


Dungeon Overview and Level Annotations

Branches:
Dungeon (3/15)

Altars:
Dithmenos


Message History

The jelly hits you but does no damage.
You hit the jelly but do no damage.
Your hands burn!
The jelly is moderately wounded.
You block the jelly's attack.
You slash the jelly!
Your hands burn!
The jelly is severely wounded.
The jelly barely misses you. The jelly closely misses you.
You barely miss the jelly.
The jelly is severely wounded.
The jelly barely misses you.
You slash the jelly!
You kill the jelly!
Your life force feels restored.
Your Axes skill increases to level 6!
You barely miss the jelly.
The jelly is lightly wounded.
The jelly closely misses you.
Unknown command.
You hit the jelly but do no damage.
Your hands burn!
* * * LOW HITPOINT WARNING * * *
The jelly is lightly wounded.
The jelly closely misses you. The jelly barely misses you.
You barely miss the jelly.
The jelly is lightly wounded.
The jelly hits you but does no damage.
You hit the jelly but do no damage. The acid corrodes you!
Your hands burn!
* * * LOW HITPOINT WARNING * * *
The jelly is lightly wounded.
The jelly hits you but does no damage.
You hit the jelly but do no damage. The acid corrodes you!
Your hands burn!
* * * LOW HITPOINT WARNING * * *
The jelly is lightly wounded.
The jelly completely misses you.
You slash the jelly!
Your hands burn!
* * * LOW HITPOINT WARNING * * *
The jelly is severely wounded.
The jelly hits you.
* * * LOW HITPOINT WARNING * * *
You are splashed with acid!
You die...

###..####.####.....####
#.# #
###........##...)...#
.#
.##.###...[##.......#
## .##.#
#.#..##.......# .##.#
#†#..##.......# .##.#
#.#.######....#
.##.###.#.###..'....#
.##.......##.########
.###.....<###..)@JJ##
.....##.### #######J#
.######.# .P...J...# ##
#.# .P.....J.# #. #.#
.÷÷P.....# #. #..
..÷P.÷.P.# #. ###
÷.÷....P.# #.
[P.P.P...# #.
########## #.


You could see a jelly and 2 endoplasms.

Vanquished Creatures
  A jelly (D:3)
  A hound (D:3)
  4 adders
  2 worms (D:2)
  A dart slug (D:3)
  7 ball pythons
  5 bats
  11 endoplasms
  3 giant cockroaches
  6 goblins
  10 hobgoblins
  2 frilled lizards (D:2)
  14 kobolds
  5 rats
72 creatures vanquished.

Vanquished Creatures (others)
  2 fungi (D:3)
  7 toadstools (D:3)
9 creatures vanquished.

Grand Total: 81 creatures vanquished

Notes
Turn   | Place    | Note
-------+----------+-------------------------------------------
     0 | D:1      | MacCMillion the Hill Orc Fighter began the quest for the
                  | Orb.
     0 | D:1      | Reached XP level 1. HP: 19/19 MP: 1/1
    89 | D:1      | Reached skill level 3 in Axes
   108 | D:1      | Reached XP level 2. HP: 23/26 MP: 2/2
   246 | D:1      | Found a faded altar of an unknown god.
   634 | D:1      | Reached XP level 3. HP: 31/31 MP: 3/3
  1040 | D:2      | Reached skill level 4 in Axes
  1683 | D:2      | Reached XP level 4. HP: 34/40 MP: 4/4
  2420 | D:3      | Reached skill level 5 in Axes
  2444 | D:3      | Found a shadowy altar of Dithmenos.
  2631 | D:3      | Reached XP level 5. HP: 37/47 MP: 5/5
  3188 | D:3      | Reached skill level 6 in Axes
  3193 | D:3      | Splashed by a jelly's acid

Illustrated notes

Levels and vault maps discovered:
D:1:      wheals_arrival_shading, layout_loops_ring,
          nicolae_ecumenical_lake_church, minmay_misc_feat_hallway,
          chequers_serial_rivers_room_a, minmay_octomino_j4
D:2:      layout_loops_corners, minivault_24
D:3:      cheibrodos_fertilizer, layout_loops_ring, grunt_dithmenos_smoke,
          minmay_misc_feat_five, chequers_serial_rivers_large_b

Skill      XL: |  1  2  3  4  5 |
---------------+----------------+-----
Axes           | 3 4 5 6 |  6.1
Shields        | 4 |  4.0
Fighting       | 4 |  4.7
Armour         | |  3.2

Action                   |  1- 3 |  4- 6 || total
-------------------------+-------+-------++-------
Melee: War axe           |   105 |   111 ||   216
  Use: Scroll            |       |     2 ||     2
Armor: Scale mail        |    43 |    52 ||    95
Dodge: Dodged            |    29 |    63 ||    92
Block: Buckler           |    21 |    29 ||    50
